 Dungeon Crawl Stone Soup version 0.28.0-43-g3370ac3207 (webtiles) character file.

Game seed: 7433270173524512859

34 H0rd4k the Magician (level 3, -9/28 HPs)
             Began as a Deep Elf Hedge Wizard on Mar 14, 2022.
             Mangled by Sigmund
             ... wielding a +3 vorpal scythe
              (11 damage)
             ... on level 2 of the Dungeon.
             The game lasted 00:02:04 (1746 turns).

H0rd4k the Magician (Deep Elf Hedge Wizard)         Turns: 1746, Time: 00:02:05

Health: -9/28      AC: 21    Str:  7    XL:     3   Next: 14%
Magic:  7/12       EV:  2    Int: 20    God:
Gold:   38         SH:  0    Dex: 14    Spells: 4/13 levels left

rFire   . . .      SeeInvis .   e - staff of earth
rCold   . . .      Faith    .   (no shield)
rNeg    . . .      Spirit   .   (armour currently unavailable)
rPois   +          Reflect  .   (helmet currently unavailable)
rElec   .          Harm     .   (cloak currently unavailable)
rCorr   .          Rampage  .   (gloves currently unavailable)
Will    +....      NoTele   +   (boots currently unavailable)
Stlth   ++........              (no amulet)
HPRegen 0.09/turn               (no ring)
MPRegen 0.13/turn               (no ring)

@: mighty, tree-form, on berserk cooldown, slowed, very slow
A: stationary, stasis, torment immunity, boosted hp, (iridescent scales 1),
strong-willed 1, wild magic 1
a: no special abilities


You were on level 2 of the Dungeon.
You were a tree.
You visited 1 branch of the dungeon, and saw 2 of its levels.

You collected 38 gold pieces.

Inventory:

Hand Weapons
 a - a +0 dagger
Armour
 b - a +0 robe (melded)
 c - a +0 hat (melded)
Magical Staves
 e - a staff of earth (weapon)
Scrolls
 d - 2 scrolls of fear {unknown}
 h - a scroll of identify {unknown}
Potions
 j - a potion of lignification


   Skills:
 + Level 2.6 Dodging
 - Level 2.4 Stealth
 + Level 5.6 Spellcasting
 + Level 1.7 Conjurations
 + Level 1.1 Summonings
 + Level 1.1 Translocations
 * Level 0.1 Fire Magic


You had 4 spell levels left.
You knew the following spells:

 Your Spells              Type           Power      Damage    Failure   Level
a - Magic Dart            Conj           64%        1d6       9%          1
b - Blink                 Tloc           26%        N/A       16%         2
c - Conjure Flame         Conj/Fire      12%        6-21      30%         3
d - Mephitic Cloud        Conj/Pois/Air  10%        N/A       34%         3

Your spell library contained the following spells:

 Spells                   Type           Power      Damage    Failure   Level
 Slow                     Hex            28%        N/A       16%         1
 Call Imp                 Summ           13%        N/A       16%         2


Dungeon Overview and Level Annotations

Branches:
Dungeon (2/15)

Altars:

Shops:
D:1 [

Annotations:
D:2 Sigmund


Innate Abilities, Weirdness & Mutations

You are a tree.
Your roots penetrate the ground, keeping you stationary.
You cannot be teleported.
You are immune to unholy pain and torment.
Your maximum health is greatly increased.
Your equipment is partially melded.
((You are partially covered in iridescent scales. (AC +2)))
You are strong-willed. (Will+)
Your spells are a little harder to cast, but a little more powerful.


Message History

You bump into the rock wall.
Saving game... please wait.
Level annotation: Sigmund Welcome back, H0rd4k the Deep Elf Hedge Wizard.
Press ? for a list of commands and other information.
It was a potion of lignification.
You turn into a tree.
Your +0 hat melds into your body.
Your +0 robe melds into your body.
Your roots penetrate the ground.
Sigmund hits you but does no damage.
It was a potion of berserk rage.
A red film seems to cover your vision as you go berserk!
You feel yourself moving faster!
You feel mighty!
Sigmund hits you from afar with a +3 vorpal scythe.
* * * LOW HITPOINT WARNING * * *
x2 You feel a strong urge to attack something.
You are too berserk!
Sigmund barely misses you.
You cannot move. (Use ctrl+direction or * direction to attack without moving.)
You cannot move. (Use ctrl+direction or * direction to attack without moving.)
You feel your anger nearly subside.
You are no longer berserk.
You are exhausted.
You feel yourself slow down.
It was a potion of mutation.
You feel extremely strange.
Iridescent scales grow over part of your body.
You feel strong-willed.
You feel less in control of your magic. Sigmund hits you but does no damage.
It was a potion of might.
You feel very mighty all of a sudden.
You feel less confused.
Sigmund hits you from afar with a +3 vorpal scythe.
* * * LOW HITPOINT WARNING * * *
x2 Cast which spell? (? or * to list)
You cannot blink because you are held in place by your roots.
Casting: Blink (safe; 16% risk of failure)
Confirm with . or Enter, or press ? or * to list all spells.
Aiming: Magic Dart (safe; 9% risk of failure)
Press: ? - help, Shift-Dir - straight line, f - Sigmund
Aim: Sigmund, wielding a +3 vorpal scythe and wearing a +0 robe (moderately wounded, 100% to hit)
The magic dart hits Sigmund.
Sigmund is heavily wounded.
Sigmund hits you from afar with a +3 vorpal scythe!
You die...

#########...... ...........#
#...# ####### #.### #.....# #.#
#.....### ### ##.## #........
###.. #@..# #.....### . ...# #.#
#...# #.....# #.###..#####.#
#♣..# ####.### ..........##.#
#...# #.....<# #.......##.#
#...# #.##.#.###
#.<......###...#####.##......
#..........................##
#..#.#........................^
#.[.............)..........#.##
..##>.###.#.###...######...##.##
..# #........# #...# ##........


You could see Sigmund.

Vanquished Creatures
  An adder (D:2)
  A dart slug (D:2)
  2 endoplasms
  5 hobgoblins
  2 jackals (D:2)
  A quokka (D:1)
  4 ball pythons
  A frilled lizard (D:1)
  A kobold (D:1)
  3 rats
21 creatures vanquished.

Notes
Turn   | Place    | Note
-------+----------+-------------------------------------------
     0 | D:1      | H0rd4k the Deep Elf Hedge Wizard began the quest for the
                  | Orb.
     0 | D:1      | Reached XP level 1. HP: 10/10 MP: 7/7
   279 | D:1      | Found Jiybeeso's Armour Boutique.
   706 | D:1      | Reached XP level 2. HP: 15/15 MP: 7/9
   910 | D:2      | Reached skill level 5 in Spellcasting
  1408 | D:2      | Reached XP level 3. HP: 18/19 MP: 7/12
  1411 | D:2      | Learned a level 2 spell: Blink
  1415 | D:2      | Learned a level 3 spell: Conjure Flame
  1419 | D:2      | Learned a level 3 spell: Mephitic Cloud
  1725 | D:2      | Noticed Sigmund
  1744 | D:2      | Gained mutation: You are partially covered in iridescent
                  | scales. (AC +2) [potion of mutation]
  1744 | D:2      | Gained mutation: You are strong-willed. (Will+) [potion of
                  | mutation]
  1744 | D:2      | Gained mutation: Your spells are a little harder to cast,
                  | but a little more powerful. [potion of mutation]
  1746 | D:2      | Mangled by Sigmund

Illustrated notes

Levels and vault maps discovered:
D:1:      dpeg_arrival_chambers_temple_mockup, layout_basic, serial_shops,
          shop_fountains
D:2:      layout_loops_cross, uniq_sigmund

Skill      XL: |  1  2 |
---------------+-------+-----
Spellcasting   | 5 |  5.6
Dodging        | |  2.6
Stealth        | |  2.4
Conjurations   | |  1.7
Summonings     | |  1.1
Translocations | |  1.1
Fire Magic     | |  0.1

Action                   || total
-------------------------++-------
Melee: Staff             ||     1
 Cast: Magic Dart        ||    74
       Conjure Flame     ||     1
  Use: Potion            ||     4
Armor: Robe              ||     1
       Skin              ||     2
Dodge: Dodged            ||    10
